[Event "Championnat d'Europe de Blitz"]
[Date "2024.12.09"]
[White "Dardha, Daniel"]
[Black "Santos Latasa, Jaime"]
[WhiteElo "2639"]
[BlackElo "2628"]
[Round "12.5"]
[Result "0-1"]
[TimeControl "180+2"]

1. d4 d5 2.
c4 e6 3. Nc3 Nf6 4. cxd5 exd5 5. Bg5 Be7 6. e3 h6 7. Bh4 O-O 8. Bd3 c6 9. Bg3 Re8 10. Nf3 Nbd7 11. h3 Bb4 12. O-O Ne4 13. Bxe4 dxe4 14. Nd2 Nf6 15. Qb3 Bf8 16. Bh4 g5 17. Bg3 b6 18. Be5 Nd7 19. Bh2 Nf6 20. Rae1 Ba6 21. Nc4 Qe7 22. Rc1 Qe6 23. Ne2 Nd5 24. Rfe1 Nb4 25. Ne5 Qxb3 26. axb3 Nd3 27. Ra1 Nxe1 28. Rxa6 Nd3 29. Nc3 c5 30. Nxe4 Bg7 31. Nxd3 Rxe4 32.
dxc5 Rd8 33.
Ne1 bxc5 34. Kf1 Rb4 35. Rxa7 Rxb3 36. Rc7 Rxb2 37. Rxc5 Rdd2 38. Bg3 Rb1 39. f3 Ra2 40. Rc4 Bf8 41. e4 Bb4 42. e5 Raa1 43. Re4 Kf8 44. h4 Ke7 45. hxg5 hxg5 46. Re2 Ke6 47. Re4 Bc3 48. Bf2 Rb4 49. Re2 Rb2 50. Re4 Rb4 51. Re2 Bxe5 52. g4 f6 53. Kg2 Kf7 54. Nd3 Rb5 55. Nxe5+ Rxe5 56. Rc2 Rea5 57. Rc7+ Kg6 58. Bd4 Rd1 59. Rc4 Ra2+ 60. Kg3 Rdd2 0-1

[Site "Europe Echecs"]

[Event "Championnat d'Europe de Blitz"]
[Date "2024.12.09"]
[White "Kazakouski, Valery"]
[Black "Peyrer, Konstantin"]
[WhiteElo "2567"]
[BlackElo "2440"]
[Round "12.6"]
[Result "1/2-1/2"]
[TimeControl "180+2"]

1. Nf3 Nf6 2. c4 e6 3. g3 d5 4. b3 c5 5.
Bg2 Nc6 6.
e3 Be7 7.
O-O O-O 8.
Bb2 d4 9.
exd4 cxd4 10. Re1 a5 11. Na3 a4 12. Nb5 Bc5 13. b4 Nxb4 14. Bxd4 Bxd4 15.
Nbxd4 Nd3 16. Re3 Nc5 17. Rb1 Ra6 18. Nc2 Ng4 19. Re2 Nd3 20. Nb4 Rd6 21. Nxd3 Rxd3 22. Qxa4 Bd7 23. Qc2 Bc6 24. Ne1 Rd4 25. Bxc6 bxc6 26. h3 Nf6 27. Nf3 Rd6 28. d4 Qa5 29. Kg2 h6 30. Qd2 Qa4 31. Qb4 Qxb4 32. Rxb4 Ra8 33. a4 c5 34. dxc5 Rc6 35. Ne5 Rxc5 36. Rb7 Rxa4 37. Rb8+ Kh7 38. Nxf7 Kg6 39. Ne5+ Kh7 40. Rb7 Raa5 41. Nd3 Rxc4 42. Rxe6 Nd5 43. Ne5 Rc2 44. Rg6 Rc7 45. Rxc7 Nxc7 46. Rc6 Rxe5 47. Rxc7 Re4 48. Kf3 Ra4 49. Re7 Kg6 50. Re6+ Kf7 51. Re4 Ra2 52. g4 g6 53. Kg3 Ra3+ 54. Re3 Ra2 55. f4 Ra4 56. h4 Kf6 57. Kf3 Rb4 58. Rd3 Rb6 59. Rd5 Rb3+ 60. Ke4 Ke6 61. Rd4 Rh3 62. f5+ gxf5+ 63. gxf5+ Ke7 64. Ke5 Re3+ 65. Kf4 Ra3 66. Re4+ Kf7 67. Kg4 Ra5 68. Rc4 Ra6 69. Rb4 Kf6 70. Kf4 Rc6 71. Re4 Ra6 72. Kg4 Rb6 73. Kf4 1/2-1/2

[Site "Europe Echecs"]

[Event "Championnat d'Europe de Blitz"]
[Date "2024.12.09"]
[White "Korobov, Anton"]
[Black "Bernadskiy, Vitaliy"]
[WhiteElo "2629"]
[BlackElo "2546"]
[Round "12.7"]
[Result "1/2-1/2"]
[TimeControl "180+2"]

1. d4 d6 2. c4 e5 3. Nf3 e4 4. Ng5 f5 5. Nc3 Be7 6. h4 Nf6 7. e3 O-O 8. b4 c6 9. Qb3 a5 10. b5 c5 11. dxc5 dxc5 12. Bb2 h6 13. Rd1 a4 14. Qc2 Qa5 15. Be2 a3 16. Ba1 hxg5 17. hxg5 Nh7 18. g6 Ng5 19. Kf1 Be6 20. Nd5 Bxd5 21. Rxd5 Qb6 22. g4 Qxg6 23. gxf5 Rxf5 24. Bh5 Qe6 25. Qd1 Rxd5 26.
cxd5 Qd6 27.
Bg4 Nd7 28.
Bxd7 Qxd7 29. Qh5 Qxd5 30. Qh8+ Kf7 31. Qxa8 Qd1+ 32. Kg2 Qf3+ 33. Kg1 Nh3+ 34. Rxh3 Qxh3 35. Qxb7 Qg4+ 36. Kh2 Qh4+ 37. Kg2 Qg4+ 38. Kh2 Qf5 39. Kg1 Qg4+ 40. Kh2 1/2-1/2

[Site "Europe Echecs"]

[Event "Championnat d'Europe de Blitz"]
[Date "2024.12.09"]
[White "Safarli, Eltaj"]
[Black "Pancevski, Filip"]
[WhiteElo "2610"]
[BlackElo "2420"]
[Round "12.8"]
[Result "1-0"]
[TimeControl "180+2"]

1. e4 d6 2. d4 Nf6 3. Nc3 e5 4. Nf3 Nbd7 5. Bc4 Be7 6. a4 O-O 7.
O-O c6 8. a5 h6 9. h3 Qc7 10. Be3 Re8 11. d5 Nf8 12. Bb3 Bd7 13. Qd3 c5 14. Nd2 Ng6 15. Nc4 Rf8 16. Ba4 Bc8 17. Nb5 Qd8 18. a6 b6 19. Nc3 Bd7 20. Bc6 Rc8 21. Nb5 Rxc6 22. dxc6 Bxc6 23. Ncxd6 Qb8 24. Nf5 Bxe4 25.
Nxe7+ Nxe7 26. Qd6 Nc6 27. Qxb8 Rxb8 28. Rac1 Bd5 29. Rfd1 Bc4 30. Nd6 Bxa6 31. Ra1 Be2 32. Rd2 Bh5 33. Nb5 a5 34. c3 Ne8 35. f3 Bg6 36. Rad1 Kf8 37. Rd7 Bf5 38. R7d2 Be6 39. g4 f6 40. Kf2 a4 41. h4 Ra8 42. Na3 Na5 43. Rd8 Ra7 44. Rb8 Rb7 45. Rdd8 Rxb8 46. Rxb8 Nc4 47. Nxc4 Bxc4 48.
Rxb6 Nc7 49.
Bxc5+ Ke8 50. Rb7 Kd7 51. Bb6 Kc6 52. Rxc7+ Kd5 1-0

[Site "Europe Echecs"]

[Event "Championnat d'Europe de Blitz"]
[Date "2024.12.09"]
[White "Dvirnyy, Danyyil"]
[Black "Fressinet, Laurent"]
[WhiteElo "2491"]
[BlackElo "2588"]
[Round "12.9"]
[Result "0-1"]
[TimeControl "180+2"]

1. e4 e5 2.
Nf3 Nc6 3. Bc4 Nf6 4. d3 Bc5 5. a4 a6 6. Nc3 d6 7. Be3 Bxe3 8. fxe3 Be6 9. b3 O-O 10. Qe2 Nb4 11. O-O Qe7 12. h3 c6 13. Bxe6 fxe6 14. a5 c5 15. Na4 Nd7 16. c3 Nc6 17. Nb2 d5 18. Kh2 Nf6 19. Nd2 Rad8 20. exd5 exd5 21. e4 d4 22. c4 Qc7 23. Nf3 Nxa5 24. Qe1 Nc6 25. Nd1 Nh5 26. Nf2 Nf4 27. Qd2 Nb4 28. g3 Ng6 29. Ng1 Rf7 30. Ng4 Rdf8 31. Rxf7 Qxf7 32. Kg2 h5 33. Nf2 h4 34.
Ng4 hxg3 35.
Kxg3 Nf4 36. Nf3 Nh5+ 37. Kh4 Qxf3 38. Kxh5 Qxh3+ 39. Kg5 Rf4 40. Rg1 Rxg4+ 0-1

[Site "Europe Echecs"]

[Event "Championnat d'Europe de Blitz"]
[Date "2024.12.09"]
[White "Kuzubov, Yuriy"]
[Black "Pantsulaia, Levan"]
[WhiteElo "2595"]
[BlackElo "2522"]
[Round "12.10"]
[Result "0-1"]
[TimeControl "180+2"]

1. d4 c5 2. d5 g6 3. e4 Bg7 4. Nc3 d6 5. Bb5+ Bd7 6. a4 Bxb5 7. axb5 Nf6 8. Nf3 O-O 9. O-O Nbd7 10. Re1 Ne8 11. Bf4 Nc7 12. Qd2 Nb6 13. Bh6 Nc4 14. Qc1 Bxh6 15. Qxh6 f6 16. Nd2 Ne5 17. f4 Nf7 18. Qh3 Qe8 19. Qd3 Qd7 20. Ra5 a6 21. b6 Ne8 22. Raa1 Ng7 23. Kh1 Rae8 24. Nc4 Qg4 25. Rf1 Nh5 26. h3 Qh4 27. Ne2 g5 28. f5 g4 29. Ra3 Ng5 30. Nd2 gxh3 31. gxh3 Kh8 32. Qe3 Rg8 33. Qf2 Qxf2 34. Rxf2 Nf7 35. Rg2 Ne5 36. Kg1 Rg5 37. h4 Rxg2+ 38. Kxg2 Rg8+ 39.
Kh3 Rg4 40.
Re3 Nf4+ 41.
Nxf4 Rxf4 42. b3 Rf2 43. Nc4 Nxc4 44. bxc4 Rxc2 45. e5 fxe5 46. Re4 Rd2 47. Rg4 Rd3+ 48. Kg2 Rd4 49. Rg5 0-1

[Site "Europe Echecs"]

[Event "Championnat d'Europe de Blitz"]
[Date "2024.12.09"]
[White "Fridman, Daniel"]
[Black "Larkin, Vladyslav"]
[WhiteElo "2571"]
[BlackElo "2449"]
[Round "12.11"]
[Result "1/2-1/2"]
[TimeControl "180+2"]

1. d4 Nf6 2.
Nf3 e6 3. c4 Bb4+ 4. Bd2 a5 5. g3 b6 6. Bg2 Bb7 7. O-O O-O 8. Bg5 Be7 9. Bxf6 Bxf6 10. Nc3 d6 11. Qd3 g6 12. e4 e5 13. d5 Na6 14. b3 Bc8 15. h3 Bg7 16. a3 f5 17. Qe2 Nc5 18. Nd2 Bh6 19. Rab1 Bxd2 20. Qxd2 Nxe4 21. Nxe4 fxe4 22. Rbe1 Bf5 23. g4 Bd7 24. Rxe4 g5 25. Re3 Rf4 26. Be4 Qf6 27. f3 Be8 28. Qc2 Bg6 29. Kg2 Kg7 30. Rf2 Rf8 31. Bxg6 Qxg6 32. Qxg6+ Kxg6 33. Re4 Rxe4 34. fxe4 Rf4 1/2-1/2

[Site "Europe Echecs"]

[Event "Championnat d'Europe de Blitz"]
[Date "2024.12.09"]
[White "Paichadze, Luka"]
[Black "Quparadze, Giga"]
[WhiteElo "2532"]
[BlackElo "2537"]
[Round "12.12"]
[Result "0-1"]
[TimeControl "180+2"]

1. e4 c5 2.
Nf3 e6 3. c3 d5 4. e5 d4 5. Bd3 Bd7 6. O-O Bc6 7. Re1 g5 8. Kh1 h5 9. Na3 g4 10. Ng1 Ne7 11. Be4 Bxe4 12.
Rxe4 Nbc6 13. Nc4 Ng6 14. d3 b5 15. Na3 a6 16. Nc2 Bg7 17. Qe2 Ngxe5 18. Bf4 Ng6 19. cxd4 O-O 20. dxc5 f5 0-1

[Site "Europe Echecs"]

[Event "Championnat d'Europe de Blitz"]
[Date "2024.12.09"]
[White "Boyer, Mahel"]
[Black "Baidetskyi, Valentin"]
[WhiteElo "2526"]
[BlackElo "2519"]
[Round "12.13"]
[Result "0-1"]
[TimeControl "180+2"]

1. Nf3 d6 2.
d4 Nf6 3. c4 g6 4. Nc3 Bg7 5. e3 O-O 6. h3 Re8 7. Be2 Bd7 8. O-O e5 9. dxe5 dxe5 10. e4 Nc6 11. Be3 Be6 12. Ng5 Bd7 13. Nf3 Be6 14. Ng5 Nd4 15. Nxe6 Rxe6 16. c5 Nd7 17. Bc4 Re8 18. b4 a5 19. a3 c6 20. Qd3 Qh4 21. Kh2 Rad8 22. g3 Qh5 23. Qd1 Qxd1 24. Raxd1 axb4 25. axb4 b5 26. Bd3 Nf8 27. Ne2 Nfe6 28. Nxd4 Nxd4 29. Kg2 Re7 30. Ra1 Nb3 31. Ra3 Nd4 32. Ra6 Red7 33. Bb1 Rc8 34. Ba2 h5 35. Rd1 Kh7 36. f4 Rcd8 37. Bf2 Nc2 38. Rxd7 Rxd7 39. Bb3 Nxb4 40. Rb6 Rd2 41. Kf1 exf4 42. gxf4 Bd4 43. Bxd4 Rxd4 44. Rb7 Rxe4 45. Rxf7+ Kh6 46. Kf2 Nd3+ 47. Kf3 Nxc5 48. Bc2 Rc4 49. Bb1 Rc1 50. Ba2 Rc3+ 51. Ke2 Rc2+ 52. Ke3 Rxa2 53.
Kd4 Ne6+ 54. Ke5 Re2+ 55. Kf6 Nxf4 56. Rf8 Re6+ 57. Kf7 Kg5 0-1

[Site "Europe Echecs"]

[Event "Championnat d'Europe de Blitz"]
[Date "2024.12.09"]
[White "Papasimakopoulos, Alexandros"]
[Black "Livaic, Leon"]
[WhiteElo "2379"]
[BlackElo "2560"]
[Round "12.14"]
[Result "0-1"]
[TimeControl "180+2"]

1. d4 d6 2. Nf3 Nf6 3. c4 g6 4. Nc3 Bg7 5. Bg5 Bf5 6. e3 Ne4 7. Bh4 Nxc3 8. bxc3 O-O 9. Bd3 Bxd3 10. Qxd3 Nc6 11. O-O Qd7 12. Rab1 b6 13. e4 Rae8 14. d5 Na5 15. Nd4 e5 16. Nb3 Nb7 17. f4 f5 18. exf5 Qxf5 19. Qxf5 Rxf5 20. fxe5 Rxf1+ 21. Rxf1 Bxe5 22. Bf6 Bxf6 23. Rxf6 Kg7 24. Rf1 a6 25. Rf3 Re4 26. Nd4 Nc5 27. Kf2 h5 28. g3 Re7 29. h4 Ne4+ 30. Kg2 Nc5 31. Kf2 Re8 32. Kf1 Re7 33. Kf2 Rf7 34. Rxf7+ Kxf7 35. Kf3 Kf6 36. Kf4 Nd3+ 37. Ke3 Ne5 38. Ne6 c5 39. Nc7 Nxc4+ 40. Kd3 Ne5+ 41. Ke4 a5 42. a4 Nc4 43. Na8 Ke7 44. Kf4 Kd7 45. g4 hxg4 46. Kxg4 b5 47. axb5 a4 48. b6 Kc8 49. Nc7 a3 50. Nb5 a2 51. Na7+ Kb7 0-1

[Site "Europe Echecs"]

[Event "Championnat d'Europe de Blitz"]
[Date "2024.12.09"]
[White "Beerdsen, Thomas"]
[Black "Horvath, Dominik"]
[WhiteElo "2502"]
[BlackElo "2542"]
[Round "12.15"]
[Result "1-0"]
[TimeControl "180+2"]

1. e4 d5 2. exd5 Qxd5 3. Nc3 Qa5 4. b4 Qxb4 5. Rb1 Qd6 6. Nf3 a6 7. d4 Nf6 8. Bc4 b5 9.
Bb3 Bb7 10.
O-O e6 11.
Ne5 Be7 12.
Bf4 Qd8 13.
Nxf7 Kxf7 14. Re1 Bd5 15. Nxd5 exd5 16. g4 h6 17. h4 Bd6 18. Be5 c6 19. g5 hxg5 20. hxg5 Qd7 21. Qf3 Bxe5 22. Rxe5 Qg4+ 23. Qxg4 Nxg4 24. Rxd5 cxd5 25. Bxd5+ Kg6 26. Bxa8 Nd7 27. Bb7 Nb8 28. a4 bxa4 29. c4 Rh5 30. Be4+ Kxg5 31. Rxb8 Kf4 32. Bb1 a3 33. c5 Rh6 34. d5 Ke5 35. d6 Nf6 36. Ba2 Nd7 37. Re8+ Kd4 38. c6 Rxd6 39. cxd7 Rxd7 40. Re3 Rd6 41. Rxa3 Kc5 42. Kg2 Kb4 43. Rb3+ Kc5 44. Rb7 g5 45. Rg7 Rd2 46. Rxg5+ Kb4 47. Be6 a5 48. Rg4+ Kc5 49.
Kg3 Re2 50.
Bg8 Re8 51.
Bf7 Re7 52.
Bb3 Re2 53.
Ba4 Ra2 54.
Re4 Ra3+ 55.
f3 Ra1 56.
Kf4 Kd5 57.
Kf5 Rh1 58.
Bb3+ Kd6 59.
Ra4 Rh3 60.
Ke4 Rh5 61.
f4 Rb5 62. Bc4 Rc5 63. f5 Ke7 64. Bd5 Kf6 65. Be6 Rb5 66. Ra1 Rb4+ 67. Kd5 a4 68. Bd7 Rf4 69. Ra3 Ke7 [Site "Europe Echecs"]

[Event "Championnat d'Europe de Blitz"]
[Date "2024.12.09"]
[White "Kilic, Eray"]
[Black "Navara, David"]
[WhiteElo "2459"]
[BlackElo "2665"]
[Round "12.16"]
[Result "1-0"]
[TimeControl "180+2"]

1. d4 Nf6 2. Nc3 d5 3. Bf4 c5 4. e3 Bg4 5. Nf3 Nc6 6. Bb5 e6 7. h3 Bxf3 8. Qxf3 Rc8 9. O-O cxd4 10. exd4 a6 11. Bxc6+ Rxc6 12. Qd3 Qb6 13. Rab1 Be7 14. Be5 O-O 15. Rfe1 Nd7 16. Bf4 Bb4 17. Red1 Bxc3 18. bxc3 Qa7 19. Qg3 Rfc8 20. Bh6 g6 21. Rd3 b5 22. Re1 Qc7 23. Bf4 Qa5 24. Ree3 Qxa2 25. Qg5 b4 26. Qe7 Nf8 27. Be5 Nd7 28. Qxd7 Rxc3 29. Rxc3 1-0

[Site "Europe Echecs"]

[Event "Championnat d'Europe de Blitz"]
[Date "2024.12.09"]
[White "Pultinevicius, Paulius"]
[Black "Georgiev, Kiril"]
[WhiteElo "2579"]
[BlackElo "2537"]
[Round "12.17"]
[Result "1-0"]
[TimeControl "180+2"]

1. c4 Nf6 2.
Nc3 e5 3. e3 c6 4. Nf3 e4 5. Nd4 Bc5 6. d3 d5 7. Nb3 Bb4 8. Bd2 dxc4 9. dxc4 Qe7 10. Qc2 O-O 11. Be2 Re8 12. h3 Nbd7 13. a3 Bd6 14. Nd4 Qe5 15.
O-O-O Nc5 16. f4 Qe7 17. g4 Nd3+ 18. Bxd3 exd3 19. Qxd3 Bc7 20. e4 Nxe4 21. Nxe4 b5 22. Rhe1 Qf8 23. c5 Rd8 24. f5 a5 25. Bg5 Rd5 26. Qf3 Bb7 27. Bf4 Bxf4+ 28. Qxf4 b4 29. a4 Rad8 30. Nb3 Ba6 31. Nd6 h6 32. Rxd5 cxd5 33. Nxa5 b3 34. Nc6 Ra8 35. Ne7+ Kh8 36. f6 g5 37. Qd4 Bc4 38. c6 Rxa4 39. c7 Ra8 40. c8=Q Rxc8 41. Nexc8 1-0

[Site "Europe Echecs"]

[Event "Championnat d'Europe de Blitz"]
[Date "2024.12.09"]
[White "Alonso Rosell, Alvar"]
[Black "Gavrilescu, David"]
[WhiteElo "2532"]
[BlackElo "2549"]
[Round "12.18"]
[Result "1-0"]
[TimeControl "180+2"]

1. d4 d5 2. Nf3 Nf6 3. e3 c5 4. Nbd2 cxd4 5. exd4 Nc6 6. Bb5 Bg4 7. h3 Bh5 8. g4 Bg6 9. Ne5 Qb6 10. Bxc6+ bxc6 11. c3 e6 12. h4 Nd7 13. Nxd7 Kxd7 14. h5 Bd3 15. Qf3 Ba6 16. Qxf7+ Be7 17. Nf3 Raf8 18. Ne5+ Kd6 19. Qxg7 Qb5 20. c4 dxc4 21. Bg5 Qb4+ 22. Kd1 Qb7 23. Bxe7+ Qxe7 24. Qxe7+ Kxe7 25. Ke1 Kd6 26. Rh3 Rf4 27. Ra3 Bb7 28. Rxa7 Rb8 29. Rd1 c5 30. Nxc4+ Kc7 31. Na5 cxd4 32.
Nxb7 Rxb7 33. Rxb7+ Kxb7 34. f3 e5 35. Ke2 e4 36. fxe4 Rxe4+ 37. Kf3 Re3+ 38. Kf4 Re2 39. Rxd4 1-0

[Site "Europe Echecs"]

[Event "Championnat d'Europe de Blitz"]
[Date "2024.12.09"]
[White "Samunenkov, Ihor"]
[Black "Van Foreest, Lucas"]
[WhiteElo "2543"]
[BlackElo "2520"]
[Round "12.19"]
[Result "0-1"]
[TimeControl "180+2"]

1. d4 d5 2. c4 e6 3. Nf3 Nf6 4. g3 Bb4+ 5. Bd2 Be7 6. Bg2 O-O 7. O-O Nbd7 8. Qc2 c6 9. Bf4 h6 10. Rd1 a5 11. a3 a4 12. Nc3 Qa5 13. Ne5 Qa6 14. cxd5 exd5 15. Nd3 Nb6 16. Nc5 Qa5 17. Bd2 Qa7 18. h3 Re8 19. Rac1 Nfd7 20. Nxd7 Bxd7 21. Na2 Nc4 22. Bb4 Bg5 23. e3 g6 24. h4 Bf5 25. Qe2 Bf6 26. Nc3 h5 27. Bxd5 Bg4 28. Bxf7+ Kxf7 29. Qxc4+ Kg7 30. Re1 Rad8 31. d5 Bf3 32. Bc5 Qb8 33. Bd4 Bxd5 34. Bxf6+ Kxf6 35. Nxd5+ Rxd5 36.
Qxa4 Qe5 37. Qb4 Rb5 38. Qc4 Rxb2 39. Rb1 Rd8 40. Rxb2 Qxb2 41. Qf4+ Ke6 42. Qe4+ Kf6 43. Qf4+ Ke6 44. e4 Qxa3 45. e5 Rf8 46. Qc4+ Ke7 47. Rb1 Qa7 48. Qb4+ Ke8 49. Rb2 Rf5 50. Qd6 Qa1+ 51. Kg2 Qxb2 52. Qxg6+ Rf7 53.
e6 Qxf2+ 54.
Kh1 Qf1+ 55. Kh2 Qe2+ 56. Kh1 Qe1+ 57. Kh2 Qf2+ 58. Kh1 Ke7 59. exf7 Qxf7 60. Qg5+ Kd7 61. Kh2 Qa2+ 62. Kh3 Qe6+ 63. Kh2 Qe2+ 64. Kg1 b5 65. Qg7+ Kd6 66. Qd4+ Ke6 67. Qc5 Qd1+ 68. Kh2 Qd5 69. Qe3+ Kd6 70. Qh6+ Kc5 71. Qe3+ Kb4 72. Qe1+ Ka4 73. Qa1+ Kb3 74.
Qb1+ Kc3 75.
Qc1+ Kd4 76. Qd2+ Ke5 77. Qg5+ Kd6 78. Qf4+ Kd7 79. g4 Qd6 80. Qxd6+ Kxd6 81. gxh5 Ke5 0-1

[Site "Europe Echecs"]

[Event "Championnat d'Europe de Blitz"]
[Date "2024.12.09"]
[White "Djukic, Nikola"]
[Black "Costachi, Mihnea"]
[WhiteElo "2493"]
[BlackElo "2464"]
[Round "12.20"]
[Result "0-1"]
[TimeControl "180+2"]

1. e4 e5 2. Nf3 Nc6 3. Bb5 a6 4. Ba4 d6 5. c3 Bd7 6. d4 g6 7. O-O Bg7 8. Re1 Nf6 9. h3 O-O 10. Bc2 Re8 11. Nbd2 Nh5 12. Nf1 Nf4 13. Be3 Qf6 14. N1h2 Rad8 15. Qd2 g5 16. Kh1 h5 17. d5 Ne7 18. Ng1 Neg6 19. g3 Bh6 20. Qd1 Kg7 21. gxf4 gxf4 22. Bd2 Rh8 23. Qe2 Rdg8 24. f3 Kf8 25. Rf1 Nh4 26. Be1 Rg3 27. Qf2 Rhg8 28. Bd3 Rxh3 29. Nxh3 Bxh3 30. Qxh4 Bg2+ 31. Kg1 Bxf3+ 0-1

[Site "Europe Echecs"]

[Event "Championnat d'Europe de Blitz"]
[Date "2024.12.09"]
[White "Schneider, Ilja"]
[Black "Mastrovasilis, Dimitrios"]
[WhiteElo "2414"]
[BlackElo "2537"]
[Round "12.21"]
[Result "0-1"]
[TimeControl "180+2"]

1. e4 c5 2.
Nc3 a6 3. g3 b5 4. Bg2 Bb7 5. Nge2 e6 6. d4 cxd4 7. Nxd4 Nf6 8. O-O b4 9. Na4 Bxe4 10. Bxe4 Nxe4 11. Re1 Nc5 12. c3 Nxa4 13. Qxa4 Qb6 14. Qd1 Nc6 15. Be3 Nxd4 16. Bxd4 Bc5 17. Bxc5 Qxc5 18. Qg4 O-O 19. cxb4 Qb6 20. Rec1 d5 21. a3 d4 22. Qe4 Rad8 23. Rc6 Qb5 24. Rc5 Qd7 25. Rd1 Rfe8 26. Qc6 Qe7 27. Qxa6 e5 28. Qc4 h5 29. h4 Qf6 30. Rc6 Qf3 31. Qd3 Qxc6 0-1

[Site "Europe Echecs"]

[Event "Championnat d'Europe de Blitz"]
[Date "2024.12.09"]
[White "Zajic, Milan"]
[Black "Kozul, Zdenko"]
[WhiteElo "2392"]
[BlackElo "2519"]
[Round "12.22"]
[Result "0-1"]
[TimeControl "180+2"]

1. e4 c5 2. Nf3 d6 3. Bb5+ Bd7 4. a4 Nf6 5. d3 e6 6. O-O Be7 7. e5 dxe5 8. Nxe5 a6 9. Bxd7+ Nfxd7 10. Nxd7 Qxd7 11. a5 Nc6 12. Nd2 O-O 13. Nc4 Rad8 14. Bd2 e5 15. Bc3 f6 16. f4 exf4 17.
Rxf4 Bd6 18.
Re4 Bc7 19.
Qf3 Rfe8 20.
Rae1 Rxe4 21. Qxe4 Qd5 22. Qxd5+ Rxd5 23. Ne3 Rd7 24. Nc4 h5 25. g3 Kf7 26. Kf2 Re7 27. Ra1 g6 28. Ra3 Ke6 29. Rb3 Bd8 30. Ra3 f5 31. Ra1 Bc7 32. h4 Kf7 33. Kf3 Re6 34. Ra3 Re7 35. Rb3 Bb8 36. Nb6 Ke6 37. Ra3 Bc7 38. Nc4 Kd7 39. Ra1 Nd4+ 40. Bxd4 cxd4 41. Ra3 Kc6 42. Ra1 Re6 43. Rd1 Kb5 44. Ra1 Bd6 45. Rd1 Bb4 46. Rf1 Bxa5 47. Kf4 Bc7+ 48. Kf3 Kc6 49. Na3 b5 50. Nb1 Re3+ 51. Kf2 Bxg3+ 52.
Kg2 Bxh4 0-1

[Site "Europe Echecs"]

[Event "Championnat d'Europe de Blitz"]
[Date "2024.12.09"]
[White "Kalezic, Blazo"]
[Black "Grigoriants, Sergey"]
[WhiteElo "2382"]
[BlackElo "2542"]
[Round "12.23"]
[Result "0-1"]
[TimeControl "180+2"]

1. e4 c5 2. Nf3 e6 3. d4 cxd4 4. Nxd4 Nc6 5. Nc3 d6 6. g4 a6 7. Bg2 Nge7 8. g5 b5 9. Nb3 Bb7 10. h4 h6 11. Rg1 hxg5 12. hxg5 g6 13. a3 Bg7 14. Qe2 Rc8 15. f4 Na5 16. e5 Bxg2 17. Rxg2 Nxb3 18. cxb3 dxe5 19.
fxe5 Qd4 20.
Qe3 Rh1+ 21.
Ke2 Nf5 22.
Qe4 Qxe4+ 23. Nxe4 Rcxc1 24. Rxc1 Rxc1 25. Kd3 Bxe5 26. b4 Rd1+ 27. Ke2 Rb1 28. Kd3 Rxb2 29. Rg1 Rb3+ 30. Kc2 Nd4+ 31. Kd2 Bf4+ 32. Ke1 Nf3+ 0-1

[Site "Europe Echecs"]

[Event "Championnat d'Europe de Blitz"]
[Date "2024.12.09"]
[White "Hamitevici, Vladimir"]
[Black "Kadric, Denis"]
[WhiteElo "2423"]
[BlackElo "2544"]
[Round "12.24"]
[Result "0-1"]
[TimeControl "180+2"]

1. a3 d6 2. d4 Nf6 3. g3 Nbd7 4. Bg2 e5 5. Nc3 c6 6. e4 Be7 7. Nge2 O-O 8. h3 h5 9. Be3 b5 10. f4 Bb7 11. Bf3 a5 12. dxe5 dxe5 13. f5 b4 14. Na4 c5 15. Qd3 Qc7 16. b3 Rfd8 17. g4 Nb6 18. Nxb6 Qxb6 19. Qc4 Ba6 20. g5 Bxc4 21. bxc4 Ne8 22. f6 gxf6 23. Ng3 Ng7 24. gxf6 Bxf6 25. h4 bxa3 26. Ke2 Qb2 27.
Rhc1 a2 28.
Bxc5 Rac8 0-1

[Site "Europe Echecs"]

[Event "Championnat d'Europe de Blitz"]
[Date "2024.12.09"]
[White "Gatineau, Yovann"]
[Black "Lagarde, Maxime"]
[WhiteElo "2363"]
[BlackElo "2600"]
[Round "12.25"]
[Result "0-1"]
[TimeControl "180+2"]

1. d4 Nf6 2. c4 g6 3. Nc3 Bg7 4. e4 d6 5. Nf3 O-O 6. h3 e5 7. d5 Nbd7 8. Be3 Nc5 9. Nd2 a5 10. g4 c6 11. Be2 Nfd7 12. a3 a4 13. h4 Nb6 14. h5 Bd7 15. Rc1 cxd5 16. cxd5 Rc8 17. hxg6 fxg6 18. Nf1 Nb3 19. Rb1 Nc4 20. Bxc4 Rxc4 21. Nd2 Nxd2 22. Kxd2 Rd4+ 23. Bxd4 exd4 24. Ne2 Qa5+ 25. Kc2 Rc8+ 26. Kd3 Bb5# 0-1

[Site "Europe Echecs"]

[Event "Championnat d'Europe de Blitz"]
[Date "2024.12.09"]
[White "Nevednichy, Vladislav"]
[Black "Sargissian, Gabriel"]
[WhiteElo "2451"]
[BlackElo "2628"]
[Round "12.26"]
[Result "0-1"]
[TimeControl "180+2"]

1. e4 e5 2. Nf3 Nc6 3. Bc4 Nf6 4. d3 Be7 5. O-O O-O 6. a4 d6 7. a5 a6 8. h3 Be6 9. Nbd2 h6 10. Bxe6 fxe6 11. c3 Qd7 12. Re1 Nh7 13. Nf1 Rf7 14. g3 Raf8 15. N1h2 d5 16. Kg2 Bg5 17. Rf1 Bxc1 18. Rxc1 Qd6 19. Ra1 Nf6 20. Qe2 Nd7 21. Nd2 Nc5 22. b4 Nd7 23. Rab1 d4 24. Nc4 Qe7 25. b5 axb5 26. Rxb5 dxc3 27. Rxb7 Nc5 28. Rbb1 Nd4 29. Qe3 c2 30. Rbc1 Ncb3 31. Rce1 Qc5 32. Ng4 Nf3 33. Rc1 Qxe3 34. Ngxe3 Nxc1 35. Rxc1 Nd4 36. Ng4 h5 37. Ncxe5 hxg4 38. Nxf7 Kxf7 39. hxg4 Ra8 40. f4 Rxa5 41. Kf2 c5 42. Ke3 Ra8 43. g5 Rh8 44. Kd2 Nb3+ 0-1

[Site "Europe Echecs"]

[Event "Championnat d'Europe de Blitz"]
[Date "2024.12.09"]
[White "Smeets, Jan"]
[Black "Bulmaga, Irina"]
[WhiteElo "2552"]
[BlackElo "2386"]
[Round "12.27"]
[Result "1-0"]
[TimeControl "180+2"]

1. e4 e5 2.
Nf3 Nc6 3. Bb5 Nf6 4. O-O Nxe4 5. Re1 Nd6 6. a4 Be7 7. Nc3 O-O 8. Nd5 e4 9. Bxc6 dxc6 10. Nxe7+ Qxe7 11. d3 f5 12. Bf4 Bd7 13. Nd2 Rad8 14. Qe2 Qf6 15. c3 exd3 16. Qxd3 Be6 17. Qe3 Rde8 18. Qxa7 Qg6 19. f3 Bd5 20. b3 Ra8 21. Qf2 Rfe8 22. c4 Bf7 23. h3 b6 24. c5 bxc5 25. Qxc5 Bd5 26. Kh2 Qf6 27. a5 g5 28. Be3 Qe5+ 29. Kg1 Qg3 30. Bf2 Qf4 31. Qc2 Nb5 32. Nc4 Nd4 33. Qd3 Nxb3 34. Qxb3 Qxc4 35. Qb2 Qb5 36. Qf6 Rf8 37. Qxg5+ Kf7 38. Re7# 1-0

[Site "Europe Echecs"]

[Event "Championnat d'Europe de Blitz"]
[Date "2024.12.09"]
[White "Ragger, Markus"]
[Black "Brunner, Nicolas"]
[WhiteElo "2577"]
[BlackElo "2413"]
[Round "12.28"]
[Result "1-0"]
[TimeControl "180+2"]

1. d4 d5 2.
c4 e6 3. Nf3 Nf6 4. g3 dxc4 5. Bg2 Bb4+ 6. Bd2 a5 7. Qc2 Bxd2+ 8. Qxd2 c6 9. a4 Ne4 10. Qc1 Nd6 11. O-O b5 12. Ne5 Bb7 13. Nc3 Qb6 14. Qf4 O-O 15. Nd7 Nxd7 16. Qxd6 Rfd8 17. axb5 Rac8 18. Rfc1 Ba8 19. bxc6 Bxc6 20. Bxc6 Rxc6 21. Qa3 Nf8 22. e3 Rb8 23. Na4 Qb4 24. Nc5 e5 25. Qxa5 exd4 26. exd4 Qxa5 27. Rxa5 Rxb2 28. Rxc4 Rc8 29. Ra7 Rd2 30. Raa4 g6 31. Ne4 Rd1+ 32. Kg2 Rd8 33. Nc5 Rd2 34. Nb3 Rd3 35. Na5 Ne6 36. Nc6 Rd6 37. Ra8+ Kg7 38. Ra7 Rd2 39. Ne5 Nd8 40. Rcc7 R6xd4 41. Nxf7 Ne6 42. Re7 Kf6 43. Nh8 Ng5 44. h4 Ne4 45. Rf7+ Ke5 46. Rae7+ Kd5 47. Rd7+ Kc4 48. Rxd4+ Kxd4 49. Rf4 Kd5 50. Nf7 Nc3 51. Ng5 h6 52. Nh3 Nd1 53. Rf6 Ne3+ 54. Kf3 Nf5 55. Rxg6 Nd4+ 56. Kg2 Ke4 57. Rxh6 Nf5 58. Re6+ Kd5 59. Rf6 Ke5 60.
Rf8 Nd6 61. h5 Ne4 62. h6 Rd6 63. h7 1-0

[Site "Europe Echecs"]

[Event "Championnat d'Europe de Blitz"]
[Date "2024.12.09"]
[White "Perunovic, Miodrag"]
[Black "Koelle, Tobias"]
[WhiteElo "2357"]
[BlackElo "2437"]
[Round "12.29"]
[Result "0-1"]
[TimeControl "180+2"]

1. e4 c5 2. Nf3 d6 3. d4 cxd4 4. Nxd4 Nf6 5. Nc3 a6 6. Bc4 e6 7. Be3 Be7 8. Bb3 b5 9. Qf3 O-O 10. e5 dxe5 11. Qxa8 exd4 12. O-O-O Qc7 13. Bxd4 Nc6 14. Bxf6 Bxf6 15. Ne4 Be7 16. Rhe1 Bb7 17. Qxf8+ Kxf8 18. g3 g6 19. Kb1 Na5 20. Re3 Nxb3 21. axb3 Bxe4 22. Rxe4 Kg7 23. Red4 Bf6 24. Rd7 Qe5 25. c3 Qf5+ 26. Ka2 Qxf2 27. R1d2 Qf1 28. Ra7 Be5 29. Rdd7 b4 30. cxb4 Qf2 31. Rxf7+ Qxf7 32. Rxf7+ Kxf7 33. Ka3 Ke7 34. Ka4 Bxb2 35. Ka5 Bc3 36. Kxa6 Bxb4 37. Kb5 0-1

[Site "Europe Echecs"]

[Event "Championnat d'Europe de Blitz"]
[Date "2024.12.09"]
[White "Danov, Lyubomir"]
[Black "Saric, Ante"]
[WhiteElo "2297"]
[BlackElo "2482"]
[Round "12.30"]
[Result "0-1"]
[TimeControl "180+2"]

1. e4 d5 2. exd5 Nf6 3. d4 Bg4 4. Bb5+ Nbd7 5. Be2 Bxe2 6. Qxe2 Nxd5 7. Nf3 e6 8. c4 N5f6 9. d5 Bb4+ 10. Bd2 Bxd2+ 11. Nbxd2 O-O 12. dxe6 Re8 13. O-O Rxe6 14. Qd3 Nc5 15. Qa3 b6 16. Rad1 Rd6 17. Qe3 Qd7 18. Rfe1 Rd8 19. b4 Nd3 20. Rf1 Nb2 21. Rc1 Rxd2 22.
Nxd2 Qxd2 23. Qb3 Nd3 24. Rcd1 Qe2 25. Qa4 Rf8 26. Qxa7 Nxb4 27. Qxc7 Nxa2 28. Rd8 g6 29. Rxf8+ Kxf8 30. Qxb6 Ne4 0-1

[Site "Europe Echecs"]